 Dungeon Crawl Stone Soup version 0.30-a0-34-gbe8da3892a (webtiles) character file.

Game seed: 15939335941824594391

334 ytrimaz the Insei (level 6, 0/36 (38) HPs)
             Began as an Octopode Transmuter on Aug 28, 2022.
             Slain by a phantom (3 damage)
             ... on level 4 of the Dungeon.
             The game lasted 00:06:40 (4184 turns).

ytrimaz the Insei (Octopode Transmuter)             Turns: 4184, Time: 00:06:40

HP:   0/36 (38)     AC:  2    Str:  9    XL:     6   Next: 53%
MP:   8/11          EV: 19    Int: 18    God:
Gold: 116           SH:  0    Dex: 17    Spells: 2/12 levels left

rFire   . . .      SeeInvis .      - Unarmed
rCold   . . .      Faith    .    (shield currently unavailable)
rNeg    . . .      Spirit   .    (helmet currently unavailable)
rPois   x          Reflect  .    (no amulet)
rElec   .          Harm     .    (no ring)
rCorr   .          Rampage  .    (no ring)
Will    .....                    (no ring)
Stlth   ++........               (no ring)
HPRegen 0.12/turn                (no ring)
MPRegen 0.12/turn                (no ring)
                                 (no ring)
                                 (no ring)

@: spider-form, drained
A: venomous fangs, almost no armour, (amphibious), 8 rings, tiny, (camouflage
1), (gelatinous body 1), (nimble swimmer 1), (tentacles)
a: End Transformation


You were on level 4 of the Dungeon.
You were a venomous arachnid creature.
You visited 1 branch of the dungeon, and saw 4 of its levels.

You collected 163 gold pieces.
You spent 47 gold pieces at shops.

Inventory:

Wands
 i - a wand of polymorph (12)
 k - a wand of paralysis (6)
Scrolls
 c - 2 scrolls of noise
 e - a scroll of enchant armour
 f - 2 scrolls of vulnerability
 g - 2 scrolls of teleportation
Potions
 a - a potion of flight {unknown}
 b - a potion of haste {unknown}
 d - 2 potions of heal wounds
 h - 2 potions of curing {unknown}
 j - a potion of berserk rage {unknown}
 l - a potion of attraction {unknown}


   Skills:
 - Level 1.0 Fighting
 - Level 2.0 Dodging
 - Level 4.0 Unarmed Combat
 + Level 3.5 Spellcasting
 + Level 3.8 Transmutations
 + Level 3.8 Poison Magic


You had 2 spell levels left.
You knew the following spells:

 Your Spells              Type           Power      Damage    Failure   Level
a - Beastly Appendage     Tmut           34%        N/A       11%         1
b - Wereblood             Tmut           17%        N/A       14%         2
c - Spider Form           Tmut/Pois      16%        N/A       24%         3
d - Ice Form              Ice/Tmut       10%        N/A       77%         4

Your spell library contained the following spells:

 Spells                   Type           Power      Damage    Failure   Level
 Passwall                 Tmut/Erth      8%         N/A       26%         2
 Sandblast                Erth           6%         2d5       34%         1
 Shock                    Conj/Air       12%        1d3       34%         1
 Blink                    Tloc           6%         N/A       45%         2
 Lesser Beckoning         Tloc           3%         N/A       65%         3
 Stone Arrow              Conj/Erth      6%         3d7       65%         3
 Swiftness                Air            3%         N/A       65%         3
 Airstrike                Air            1%         2d(1-17)  94%         4
 Manifold Assault         Tloc           3%         N/A       100%        5


Dungeon Overview and Level Annotations

Branches:
Dungeon (4/15)
 Temple: D:4-7

Altars:

Shops:
D:2 *

Annotations:
D:2 1 runed translucent door, Crazy Yiuf


Innate Abilities, Weirdness & Mutations

You are a venomous arachnid creature.
You have poisonous fangs.
You are tiny and dextrous.
Your spellcasting is less reliable in this form.
Your armour is entirely melded.
You are incapable of wielding weapons or throwing items.
You cannot wear most types of armour.
((You are amphibious.))
You can wear up to eight rings at the same time.
((Your skin changes colour to match your surroundings (Stealth+).))
((Your rubbery body absorbs attacks. (AC +1, EV +1)))
((You are camouflaged when in or above water. (Stealth+)))
((You have tentacles for arms and can constrict up to eight enemies at once.))


Message History

The phantom is almost destroyed.
The phantom hits you.
The phantom blinks!
You blink.
You miss the phantom.
Your tentacle-slap misses the phantom.
Your squeeze misses the phantom.
The phantom is almost destroyed.
The phantom hits you.
The phantom blinks!
You blink.
The phantom hits you.
An orc comes into view. It is wielding a +0 flail.
The phantom misses you.
Casting: Spider Form (quite dangerous; 10% risk of failure)
Confirm with . or Enter, or press ? or * to list all spells.
The spell is quite dangerous to miscast (10% risk of failure)!
Continue anyway?
Uppercase [Y]es or [N]o only, please.
The spell is quite dangerous to miscast (10% risk of failure)!
Continue anyway?
Okay, then.
You closely miss the phantom.
The phantom is almost destroyed.
The phantom hits you.
You tentacle-slap the phantom but do no damage.
The phantom is almost destroyed.
The phantom hits you.
You barely miss the phantom.
The phantom is almost destroyed.
The phantom hits you!
* * * LOW HITPOINT WARNING * * *
The phantom blinks!
You blink.
Unknown command.
Casting: Spider Form (quite dangerous; 10% risk of failure)
Confirm with . or Enter, or press ? or * to list all spells.
The spell is quite dangerous to miscast (10% risk of failure)!
Continue anyway?
You turn into a venomous arachnid creature.
The orc shouts!
The phantom hits you.
* * * LOW HITPOINT WARNING * * *
The phantom blinks!
You blink.
Found a hand axe.
Unknown command.
You barely miss the phantom.
The phantom is almost destroyed.
The phantom hits you.
You die...

# #...
#......##.### #...
#....).# ....##...
#......# #..#...
#......# #.....
###..o...#
#####...#
........+..........
#W.....########...
#s.........# #....
#......## .# #....
#...§§.###.# #....
#.#........###....
#.#..§............
#.#.......####....
#.#...!...# #....
#.........# #....
###.......# ####.


You could see a phantom and an orc.

Vanquished Creatures
  A necrophage (D:4)
  A hound (D:4)
  A jelly (D:4)
  2 orc priests (D:3)
  Natasha (D:2)
  4 adders
  2 adder skeletons (D:3)
  An adder zombie (D:3)
  A worm (D:3)
  2 dart slugs
  7 orcs (D:3)
  6 ball pythons
  6 endoplasms
  3 giant cockroaches
  8 goblins
  7 hobgoblins
  2 jackals (D:1)
  7 kobolds
  3 quokkas
  2 frilled lizards
  5 rats
72 creatures vanquished.

Vanquished Creatures (others)
  2 withered plants (D:3)
2 creatures vanquished.

Grand Total: 74 creatures vanquished

Notes
Turn   | Place    | Note
-------+----------+-------------------------------------------
     0 | D:1      | ytrimaz the Octopode Transmuter began the quest for the
                  | Orb.
     0 | D:1      | Reached XP level 1. HP: 13/13 MP: 3/3
   326 | D:1      | Reached XP level 2. HP: 15/18 MP: 5/5
   439 | D:1      | Found a faded altar of an unknown god.
   809 | D:1      | Reached skill level 4 in Unarmed Combat
  1123 | D:2      | Found Rinlargh's Assorted Antiques.
  1140 | D:2      | Reached XP level 3. HP: 23/23 MP: 4/6
  1143 | D:2      | Learned a level 2 spell: Wereblood
  1147 | D:2      | Learned a level 3 spell: Spider Form
  1158 | D:2      | Bought a scroll labelled HIDIGE ZYSUPN for 25 gold pieces
  1158 | D:2      | Bought a brown potion for 22 gold pieces
  1168 | D:2      | Identified the +0 cloak of the Yeti {rCorr SInv}
  1354 | D:2      | Noticed Natasha
  1366 | D:2      | Killed Natasha
  1367 | D:2      | Reached skill level 1 in Poison Magic
  1411 | D:2      | Reached XP level 4. HP: 15/28 MP: 7/7
  2011 | D:2      | Found a runed translucent door.
  2012 | D:2      | Noticed Crazy Yiuf
  2341 | D:3      | Reached XP level 5. HP: 25/33 MP: 5/9
  2667 | D:3      | You fall into a shaft and drop 1 floor!
  3358 | D:4      | Learned a level 4 spell: Ice Form
  3455 | D:4      | Reached XP level 6. HP: 32/38 MP: 3/10
  4184 | D:4      | Slain by a phantom

Illustrated notes

Levels and vault maps discovered:
D:1:      tarquinn_simple_flora_water_d, layout_basic,
          hellmonk_ecumenical_altar_leap_of_faith
D:2:      layout_basic, serial_shops, nicolae_shop_waterfront, minmay_bisected,
          uniq_crazy_yiuf_cottage, uniq_natasha
D:3:      layout_basic, serial_undead, serial_undead_c, serial_undead_c,
          serial_undead_b, serial_undead_c, serial_undead_d, serial_undead_b,
          serial_undead_b
D:4:      layout_basic

Skill      XL: |  1  2  3  4  5 |
---------------+----------------+-----
Unarmed Combat | 4 |  4.0
Poison Magic   | 1 2 3 |  3.8
Transmutations | 3 |  3.8
Spellcasting   | 3 |  3.5
Fighting       | |  1.0
Dodging        | |  2.0

Action                   |  1- 3 |  4- 6 || total
-------------------------+-------+-------++-------
Melee: Unarmed           |    53 |   133 ||   186
       Constrict         |    11 |    18 ||    29
       Kick              |    11 |    17 ||    28
       Tentacles         |     6 |    11 ||    17
       Punch             |     2 |       ||     2
 Cast: Beastly Appendage |    17 |    13 ||    30
       Spider Form       |     1 |     9 ||    10
       Wereblood         |       |     3 ||     3
  Use: Scroll            |       |     7 ||     7
       Potion            |       |     2 ||     2
 Stab: Sleeping          |     4 |     4 ||     8
Armor: Skin              |     4 |    17 ||    21
Dodge: Dodged            |    35 |    89 ||   124

Table legend: (Time is in decaauts)
 A = Elapsed time spent in this place.
 B = Non-inter-level travel time spent in this place.
 C = Inter-level travel time spent in this place.
 D = Time resting spent in this place.
 E = Time spent auto-exploring this place.
 F = Levels seen in this place.
 G = Mean time per level.
                   A        B        C        D        E       F      G
               +--------+--------+--------+--------+--------+-----+--------+
         Total |   4169 |   4109 |     60 |    243 |   3217 |   4 | 1042.2 |
       Dungeon |   4169 |   4109 |     60 |    243 |   3217 |   4 | 1042.2 |
               +--------+--------+--------+--------+--------+-----+--------+

Top non-repeatable levels by time:
     D:3: 1297 daAuts
     D:1: 1120 daAuts
     D:2: 916 daAuts
     D:4: 834 daAuts
